 Dungeon Crawl Stone Soup version 0.31.0-11-ge490571c62 (webtiles) character file.

Game seed: 743202707466987403

58 Arctor the Firebug (level 3, -2/19 HPs)
             Began as a Deep Elf Fire Elementalist on Feb 6, 2024.
             Incinerated by a bombardier beetle (4 damage)
             ... with a burning spray
             ... on level 2 of the Dungeon.
             The game lasted 00:03:14 (1902 turns).

Arctor the Firebug (Deep Elf Fire Elementalist)     Turns: 1902, Time: 00:03:14

Health: -2/19      AC:  2    Str:  5    XL:     3   Next: 76%
Magic:  3/10       EV: 13    Int: 21    God:
Gold:   62         SH:  0    Dex: 15    Spells: 8/9 levels left

rFire   . . .        (no weapon)
rCold   . . .        (no shield)
rNeg    . . .        a - +0 robe
rPois   .            (no helmet)
rElec   .            (no cloak)
rCorr   .            (no gloves)
SInv    .            (no boots)
Will    .....        (no amulet)
Stlth   +            (no ring)
HPRegen 0.23/turn    (no ring)
MPRegen 0.12/turn

%: no passive effects
@: on fire, glowing
A: no striking features
a: no special abilities


You were on level 2 of the Dungeon.
You visited 1 branch of the dungeon, and saw 2 of its levels.

You collected 62 gold pieces.

Inventory:

Armour
 a - a +0 robe (worn)
Scrolls
 c - a scroll of immolation {unknown}
 d - 4 scrolls of identify {unknown}
 g - a scroll of enchant armour {unknown}
Potions
 b - a potion of magic
 e - a potion of enlightenment {unknown}
 f - a potion of invisibility {unknown}


   Skills:
 + Level 3.0 Dodging
 + Level 3.2 Stealth
 + Level 3.7 Spellcasting
 + Level 2.0 Conjurations
 + Level 3.7 Fire Magic


You had 8 spell levels left.
You knew the following spells:

 Your Spells              Type           Power      Damage    Failure   Level
a - Foxfire               Conj/Fire      64%        2x1d7     3%          1

Your spell library contained the following spells:

 Spells                   Type           Power      Damage    Failure   Level
 Scorch                   Fire           38%        2d6       4%          2
 Inner Flame              Hex/Fire       11%        N/A       17%         3
 Volatile Blastmotes      Fire/Tloc      22%        2d11      17%         3
 Flame Wave               Conj/Fire      16%        2d7       36%         4


Dungeon Overview and Level Annotations

Branches:
Dungeon (2/15)

Altars:


Message History

The bombardier beetle is heavily wounded.
You conjure some foxfire!
Your foxfire dissipates!
You conjure some foxfire!
Your foxfire dissipates!
The foxfire hits the bombardier beetle.
The bombardier beetle is heavily wounded.
The foxfire hits the bombardier beetle but does no damage.
The bombardier beetle is heavily wounded.
You conjure some foxfire!
The bombardier beetle sprays incendiary fluid at you.
The burning spray hits you.
You are covered in liquid fire!
You are on fire!
You conjure some foxfire!
The liquid fire burns you!
The foxfire hits the bombardier beetle but does no damage.
The bombardier beetle is heavily wounded.
The foxfire hits the bombardier beetle.
The bombardier beetle is severely wounded.
The liquid fire burns you!
The foxfire hits the bombardier beetle.
The bombardier beetle is almost dead.
The liquid fire burns you!
The bombardier beetle sprays incendiary fluid at you.
The burning spray hits you.
You are even more covered in liquid fire!
You are too injured to fight recklessly!
You are too injured to fight recklessly!
Found a cabochon ring.
You shake off some of the fire as you move.
The liquid fire burns you!
* * * LOW HITPOINT WARNING * * *
Casting: Foxfire (safe; 3% risk of failure)
Confirm with . or Enter, or press ? or * to list all spells.
You don't know that spell.
Sorry, you're not good enough to have a special ability.
You shake off some of the fire as you move.
The liquid fire burns you!
You die...

.... #...# ...#
#..# # ####..#
#.##.....#
.[..#...########
.=..B...@.......
####...########
##.## #.# #.#
#.# ######## #.#
#......# #.#
#.####.# ####.#


You could see a bombardier beetle.

Vanquished Creatures
  A gnoll (D:1)
  An adder (D:2)
  A dart slug (D:1)
  A bat (D:1)
  6 endoplasms
  2 giant cockroaches (D:1)
  A goblin (D:1)
  5 hobgoblins (D:1)
  3 kobolds (D:1)
  4 quokkas (D:1)
  A ball python (D:1)
  4 frilled lizards
  5 rats
35 creatures vanquished.

Vanquished Creatures (collateral kills)
  18 foxfires (D:1)
18 creatures vanquished.

Vanquished Creatures (others)
  172 foxfires
172 creatures vanquished.

Grand Total: 225 creatures vanquished

Notes
Turn   | Place    | Note
-------+----------+-------------------------------------------
     0 | D:1      | Arctor the Deep Elf Fire Elementalist began the quest for
                  | the Orb.
     0 | D:1      | Reached XP level 1. HP: 10/10 MP: 6/6
   244 | D:1      | Reached XP level 2. HP: 15/15 MP: 2/8
   990 | D:1      | Reached XP level 3. HP: 15/19 MP: 6/9
  1902 | D:2      | Incinerated by a bombardier beetle

Illustrated notes

Levels and vault maps discovered:
D:1:      dpeg_arrival_stone_temple_mockup, layout_loops_ring,
          minmay_hedge_maze, eino_curves_04, hangedman_feature_mirror,
          nicolae_grassy_gnolls
D:2:      layout_loops_corners, hellmonk_ecumenical_altar_leap_of_faith

Skill      XL: |  1  2  3 |
---------------+----------+-----
Stealth        | 3 |  3.2
Dodging        | 3 |  3.0
Conjurations   | 2 |  2.0
Spellcasting   | |  3.7
Fire Magic     | |  3.7

Action                     || total
---------------------------++-------
  Melee: Unarmed           ||     4
   Cast: Foxfire           ||   125
 Armour: Robe              ||    10
  Dodge: Dodged            ||    17
